TOP OF THE 1ST |
Gainesville Guidos batting - Pitching for Memphis Blues : RHP Paul Miller
|
Pitching: RHP Paul Miller
|
|
Batting: RHB Noriyori Ine
|
0-0: Called Strike 0-1: Foul Ball, location: 2F 0-2: Ball 1-2: Strikes out swinging
|
Batting: RHB Mitch Thomas
|
0-0: Foul Ball, location: 2F 0-1: Ball 1-1: Called Strike 1-2: Ball 2-2: Ball 3-2: SINGLE (Line Drive, 4D)
|
Batting: LHB Marcos Villarreal
|
0-0: Ball 1-0: Ball 2-0: Ball 3-0: Called Strike 3-1: Swinging Strike 3-2: Strikes out swinging
|
Batting: LHB Dave Watt
|
0-0: Ball 1-0: Swinging Strike 1-1: Ball 2-1: Fly out, F7 (Popup, 6D)
|
Top of the 1st over - 0 run(s), 1 hit(s), 0 error(s), 1 left on base; Gainesville 0 - Memphis 0 |
BOTTOM OF THE 1ST |
Memphis Blues batting - Pitching for Gainesville Guidos : LHP Kelly Henry
|
Pitching: LHP Kelly Henry
|
|
Batting: RHB Jorge Domínguez
|
0-0: Ball 1-0: Ball 2-0: Ground out 5-3 (Groundball, 5L)
|
Batting: RHB Dave O'Neill
|
0-0: Called Strike 0-1: Called Strike 0-2: Strikes out swinging
|
Batting: RHB Dale Taylor
|
0-0: Called Strike 0-1: Swinging Strike 0-2: Ball 1-2: Ground out 4-3 (Groundball, 34)
|
Bottom of the 1st over - 0 run(s), 0 hit(s), 0 error(s), 0 left on base; Gainesville 0 - Memphis 0 |
TOP OF THE 2ND |
Gainesville Guidos batting - Pitching for Memphis Blues : RHP Paul Miller
|
Batting: LHB Ed Hart
|
0-0: Ball 1-0: Ground out 5-3 (Groundball, 56S)
|
Batting: RHB Iván Moreno
|
0-0: Ball 1-0: Ball 2-0: Fly out, F4 (Popup, 4S)
|
Batting: LHB Ed Murray
|
0-0: Called Strike 0-1: Ball 1-1: Called Strike 1-2: Foul Ball, location: 2F 1-2: Fly out, F4 (Popup, 8RS)
|
Top of the 2nd over - 0 run(s), 0 hit(s), 0 error(s), 0 left on base; Gainesville 0 - Memphis 0 |
BOTTOM OF THE 2ND |
Memphis Blues batting - Pitching for Gainesville Guidos : LHP Kelly Henry
|
Batting: RHB Bob Orr
|
0-0: Ball 1-0: Ground out 6-3 (Groundball, 6)
|
Batting: RHB Sadao Kato
|
0-0: Ball 1-0: Ground out 5-3 (Groundball, 56S)
|
Batting: RHB Glenn Johnson
|
0-0: Called Strike 0-1: Fly out, F7 (Line Drive, 78D)
|
Bottom of the 2nd over - 0 run(s), 0 hit(s), 0 error(s), 0 left on base; Gainesville 0 - Memphis 0 |
TOP OF THE 3RD |
Gainesville Guidos batting - Pitching for Memphis Blues : RHP Paul Miller
|
Batting: RHB Tetsunori Ito
|
0-0: Called Strike 0-1: Foul Ball, location: 2F 0-2: Ball 1-2: Strikes out swinging
|
Batting: RHB Ben Morton
|
0-0: SINGLE (Line Drive, 89S)
|
Batting: RHB Noriyori Ine
|
0-0: Called Strike 0-1: Ball 1-1: Foul Ball, location: 2F 1-2: Ball 2-2: Fly out, F9 (Flyball, 89M)
|
Batting: RHB Mitch Thomas
|
0-0: Ball 1-0: Ball 2-0: Foul Ball, location: 2F 2-1: Ball 3-1: Base on Balls Ben Morton to second
|
Batting: LHB Marcos Villarreal
|
0-0: Called Strike 0-1: Ball 1-1: Ball 2-1: Ball 3-1: Base on Balls Ben Morton to third Mitch Thomas to second
|
Batting: LHB Dave Watt
|
0-0: Called Strike 0-1: Foul Ball, location: 2F 0-2: Strikes out looking
|
Top of the 3rd over - 0 run(s), 1 hit(s), 0 error(s), 3 left on base; Gainesville 0 - Memphis 0 |
BOTTOM OF THE 3RD |
Memphis Blues batting - Pitching for Gainesville Guidos : LHP Kelly Henry
|
Batting: LHB Ken Nelson
|
0-0: Ball 1-0: Ball 2-0: Called Strike 2-1: Ball 3-1: SINGLE (Line Drive, 5D)
|
Batting: RHB Raúl Perales
|
0-0: Called Strike 0-1: Ball 1-1: Fielders Choice at 2nd, 6-4 (Groundball, 6M)
|
Batting: RHB Dale O'Feennaghty
|
0-0: 2-RUN HOME RUN (Flyball, 7D), Distance : 398 ft
|
Batting: RHB Jorge Domínguez
|
0-0: Ball 1-0: Foul Ball, location: 2F 1-1: Ball 2-1: Foul Ball, location: 2F 2-2: Foul Ball, location: 2F 2-2: Ball 3-2: Strikes out looking
|
Batting: RHB Dave O'Neill
|
0-0: Ball 1-0: Foul Ball, location: 2F 1-1: Ball 2-1: Foul Ball, location: 2F 2-2: Ground out 6-3 (Groundball, 56)
|
Bottom of the 3rd over - 2 run(s), 2 hit(s), 0 error(s), 0 left on base; Gainesville 0 - Memphis 2 |
TOP OF THE 4TH |
Gainesville Guidos batting - Pitching for Memphis Blues : RHP Paul Miller
|
Batting: LHB Ed Hart
|
0-0: DOUBLE (Line Drive, 7LM)
|
Batting: RHB Iván Moreno
|
0-0: Ball 1-0: Fly out, F6 (Line Drive, 6)
|
Batting: LHB Ed Murray
|
0-0: Swinging Strike 0-1: Ball 1-1: Ball 2-1: Ball 3-1: Base on Balls
|
Batting: RHB Tetsunori Ito
|
0-0: Ball 1-0: Foul Ball, location: 2F 1-1: Called Strike 1-2: Strikes out swinging
|
Batting: RHB Ben Morton
|
0-0: Ball 1-0: SINGLE (Line Drive, 6D) Ed Hart to third Ed Murray to second
|
Batting: RHB Noriyori Ine
|
0-0: Called Strike 0-1: Ball 1-1: Ball 2-1: Ball 3-1: Fly out, F8 (Flyball, 8RD)
|
Top of the 4th over - 0 run(s), 2 hit(s), 0 error(s), 3 left on base; Gainesville 0 - Memphis 2 |
BOTTOM OF THE 4TH |
Memphis Blues batting - Pitching for Gainesville Guidos : LHP Kelly Henry
|
Batting: RHB Dale Taylor
|
0-0: Called Strike 0-1: Ground out 5-3 (Groundball, 56)
|
Batting: RHB Bob Orr
|
0-0: Fly out, F7 (Line Drive, 7M)
|
Batting: RHB Sadao Kato
|
0-0: Called Strike 0-1: Foul Ball, location: 2F 0-2: Strikes out swinging
|
Bottom of the 4th over - 0 run(s), 0 hit(s), 0 error(s), 0 left on base; Gainesville 0 - Memphis 2 |
TOP OF THE 5TH |
Gainesville Guidos batting - Pitching for Memphis Blues : RHP Paul Miller
|
Batting: RHB Mitch Thomas
|
0-0: Ball 1-0: Ball 2-0: Called Strike 2-1: Ground out 5-3 (Groundball, 5)
|
Batting: LHB Marcos Villarreal
|
0-0: Foul Ball, location: 2F 0-1: Ball 1-1: SINGLE (Flyball, 7LS)
|
Batting: LHB Dave Watt
|
0-0: Ball 1-0: Grounds into double play, U6-3 (Groundball, 6M)
|
Top of the 5th over - 0 run(s), 1 hit(s), 0 error(s), 0 left on base; Gainesville 0 - Memphis 2 |
BOTTOM OF THE 5TH |
Memphis Blues batting - Pitching for Gainesville Guidos : LHP Kelly Henry
|
Batting: RHB Glenn Johnson
|
0-0: Ball 1-0: Fly out, F7 (Line Drive, 7S)
|
Batting: LHB Ken Nelson
|
0-0: Called Strike 0-1: Ball 1-1: Foul Ball, location: 2F 1-2: Foul Ball, location: 2F 1-2: Foul Ball, location: 2F 1-2: Strikes out swinging
|
Batting: RHB Raúl Perales
|
0-0: Called Strike 0-1: Called Strike 0-2: Fly out, F8 (Line Drive, 8LM)
|
Bottom of the 5th over - 0 run(s), 0 hit(s), 0 error(s), 0 left on base; Gainesville 0 - Memphis 2 |
TOP OF THE 6TH |
Gainesville Guidos batting - Pitching for Memphis Blues : RHP Paul Miller
|
Batting: LHB Ed Hart
|
0-0: Swinging Strike 0-1: Ball 1-1: Called Strike 1-2: Foul Ball, location: 2F 1-2: Ground out 6-3 (Groundball, 6M)
|
Batting: RHB Iván Moreno
|
0-0: Called Strike 0-1: Swinging Strike 0-2: Ball 1-2: Foul Ball, location: 2F 1-2: Ball 2-2: Fly out, F9 (Popup, 9LS)
|
Batting: LHB Ed Murray
|
0-0: Ball 1-0: Ground out 1-3 (Groundball, 25)
|
Top of the 6th over - 0 run(s), 0 hit(s), 0 error(s), 0 left on base; Gainesville 0 - Memphis 2 |
BOTTOM OF THE 6TH |
Memphis Blues batting - Pitching for Gainesville Guidos : LHP Kelly Henry
|
Batting: RHB Dale O'Feennaghty
|
0-0: Fly out, F8 (Flyball, 8RM)
|
Batting: RHB Jorge Domínguez
|
0-0: Ball 1-0: Ground out 5-3 (Groundball, 56)
|
Batting: RHB Dave O'Neill
|
0-0: Ball 1-0: Called Strike 1-1: Foul Ball, location: 2F 1-2: Ball 2-2: Foul Ball, location: 2F 2-2: Foul Ball, location: 2F 2-2: Ball 3-2: Ground out 4-3 (Groundball, 4)
|
Bottom of the 6th over - 0 run(s), 0 hit(s), 0 error(s), 0 left on base; Gainesville 0 - Memphis 2 |
TOP OF THE 7TH |
Gainesville Guidos batting - Pitching for Memphis Blues : RHP Paul Miller
|
Batting: RHB Tetsunori Ito
|
0-0: SINGLE (Flyball, 8LS)
|
Pitching: LHP Ramón Vázquez
|
|
Batting: RHB Ben Morton
|
0-0: Called Strike 0-1: Ball 1-1: Ball 2-1: Ball 3-1: Swinging Strike 3-2: Strikes out swinging
|
Batting: RHB Noriyori Ine
|
0-0: Grounds into double play, 5-4-3 (Groundball, 56)
|
Top of the 7th over - 0 run(s), 1 hit(s), 0 error(s), 0 left on base; Gainesville 0 - Memphis 2 |
BOTTOM OF THE 7TH |
Memphis Blues batting - Pitching for Gainesville Guidos : LHP Kelly Henry
|
Batting: RHB Dale Taylor
|
0-0: Ball 1-0: SINGLE (Groundball, 56D)
|
Batting: RHB Bob Orr
|
0-0: Called Strike 0-1: Called Strike 0-2: Ball 1-2: Ball 2-2: Foul Ball, location: 2F 2-2: Ball 3-2: Base on Balls Dale Taylor to second
|
Batting: RHB Sadao Kato
|
0-0: Ball 1-0: Called Strike 1-1: Ball 2-1: Ball 3-1: Base on Balls Dale Taylor to third Bob Orr to second
|
Batting: RHB Glenn Johnson
|
0-0: Grounds into fielders choice 6-2 (Groundball, 6) Bob Orr to third Sadao Kato to second
|
Pinch Hitting: LHB Arturo Rivera
|
0-0: Called Strike 0-1: Foul Ball, location: 2F 0-2: Foul Ball, location: 2F 0-2: Foul Ball, location: 2F 0-2: Ball 1-2: Fielders Choice at 2nd, 6-4 (Groundball, 6) Bob Orr scores Sadao Kato to third
|
Batting: RHB Raúl Perales
|
0-0: Ball 1-0: Ground out 4-3 (Groundball, 13)
|
Bottom of the 7th over - 1 run(s), 1 hit(s), 0 error(s), 2 left on base; Gainesville 0 - Memphis 3 |
TOP OF THE 8TH |
Gainesville Guidos batting - Pitching for Memphis Blues : LHP Ramón Vázquez
|
Now at 2B: Glenn Melican
|
|
Now in CF: Arturo Rivera
|
|
Batting: RHB Mitch Thomas
|
0-0: Called Strike 0-1: Fly out, F7 (Flyball, 7M)
|
Batting: LHB Marcos Villarreal
|
0-0: Fly out, F8 (Flyball, 89M)
|
Batting: LHB Dave Watt
|
0-0: Ball 1-0: Fly out, F8 (Flyball, 78M)
|
Top of the 8th over - 0 run(s), 0 hit(s), 0 error(s), 0 left on base; Gainesville 0 - Memphis 3 |
BOTTOM OF THE 8TH |
Memphis Blues batting - Pitching for Gainesville Guidos : LHP Kelly Henry
|
Batting: RHB Dale O'Feennaghty
|
0-0: Foul Ball, location: 2F 0-1: Ball 1-1: SOLO HOME RUN (Flyball, 78XD), Distance : 427 ft
|
Batting: RHB Jorge Domínguez
|
0-0: Ball 1-0: Ground out 6-3 (Groundball, 6)
|
Batting: RHB Dave O'Neill
|
0-0: Called Strike 0-1: Ball 1-1: Ground out 5-3 (Groundball, 56)
|
Batting: RHB Dale Taylor
|
0-0: SOLO HOME RUN (Flyball, 7D), Distance : 389 ft
|
Batting: RHB Bob Orr
|
0-0: Called Strike 0-1: Foul Ball, location: 2F 0-2: Ball 1-2: Ground out 3-1 (Groundball, 34S)
|
Bottom of the 8th over - 2 run(s), 2 hit(s), 0 error(s), 0 left on base; Gainesville 0 - Memphis 5 |
TOP OF THE 9TH |
Gainesville Guidos batting - Pitching for Memphis Blues : LHP Ramón Vázquez
|
Pitching: RHP Tim Lyons
|
|
Now at 3B: Leopoldo Horgan
|
|
Now at SS: Lorenzo Mota
|
|
Batting: LHB Ed Hart
|
0-0: Swinging Strike 0-1: Foul Ball, location: 2F 0-2: DOUBLE (Line Drive, 9LD)
|
Batting: RHB Iván Moreno
|
0-0: Ball 1-0: Ground out 4-3 (Groundball, 34) Ed Hart to third
|
Batting: LHB Ed Murray
|
0-0: Ball 1-0: Ground out U3 (Groundball, 3L)
|
Batting: RHB Tetsunori Ito
|
0-0: Ball 1-0: Ball 2-0: Ground out 6-3 (Groundball, 6M)
|
Top of the 9th over - 0 run(s), 1 hit(s), 0 error(s), 1 left on base; Gainesville 0 - Memphis 5 |
|